 Dungeon Crawl Stone Soup version 0.24.0-13-gcf9b319 (webtiles) character file.

Game seed: 4613013960631605693, levelgen mode: deterministic

50792 Fernandocris the Severer (level 14, -2/116 HPs)
             Began as a Vampire Fighter on Dec 1, 2019.
             Was an Initiate of Gozag.
             Slain by a molten gargoyle
             ... wielding a +0 mace
              (11 damage)
             ... in a Gauntlet.
             The game lasted 01:21:47 (23136 turns).

Fernandocris the Severer (Vampire Fighter)         Turns: 23136, Time: 01:21:48

Health: -2/116     AC: 13    Str: 21    XL:     14   Next: 21%
Magic:  6/6        EV:  6    Int:  9    God:    Gozag
Gold:   1829       SH:  0    Dex: 13    Spells: 13/13 levels left

rFire    + . .     SeeInvis +   O - +8 Wrath of Trog {antimagic, *Rage}
rCold    + . .     Gourm    .   (shield currently unavailable)
rNeg     . . .     Faith    .   K - +2 plate armour {rPois}
rPois    +         Spirit   .   (no helmet)
rElec    .         Reflect  .   (no cloak)
rCorr    .         Harm     .   (no gloves)
MR       ++++.     Rnd*Rage +   (no boots) Stlth ..........NoTele +
                                E - necklace of Bloodlust {*Rage +Rage MR++ Int-3 Slay+6 *Curse}
HPRegen  0.49/turn              q - ring of the Genius {rPois rC+ MR+ Slay+3}
MPRegen  0.10/turn              F - ring of the Queen {+Fly rF+ Str-3 Slay+3}

@: mighty, gold aura, berserk cooldown, regenerating quickly, slowed, studying
Ice Magic, very slow
A: no food, fangs 3, see invisible, unbreathing
a: Exsanguinate, Potion Petition, Call Merchant, Bribe Branch, Renounce
Religion, Evoke Berserk Rage, Evoke Flight


You were in a Gauntlet.
You worshipped Gozag.
Gozag was most pleased with you.
You were alive.

You visited 3 branches of the dungeon, and saw 17 of its levels.
You also visited: Sewer, Bailey, Gauntlet and Ice Cave.

You collected 5853 gold pieces.
You spent 2336 gold pieces at shops.
You paid 1688 gold pieces to Gozag.

Inventory:

Hand Weapons
 a - a +5 war axe of flaming
 p - a +1 great sword of slicing
 u - a +2 antimagic demon whip
 M - a +0 double sword
 O - the +8 Wrath of Trog (weapon) {antimagic, *Rage}
   (You acquired it on level 9 of the Dungeon)

   It reduces the magical energy of the wielder, and disrupts the spells and
   magical abilities of those hit.
   Natural abilities and divine invocations are not affected.
   It may make you go berserk in combat.
 V - a +2 great sword of flaming
Armour
 b - a +0 scale mail
 c - a +0 shield
 j - a +1 helmet
 v - a +0 helmet
 B - a +0 plate armour
 K - a +2 plate armour of poison resistance (worn)
 L - a +1 hat
 T - a +0 leather armour
 Y - the cursed +0 chain mail "Cathremafa" {Str+3 Slay+3 SInv, unknown}
   (You found it in a Gauntlet)

   It affects your strength (+3).
   It affects your accuracy and damage with ranged weapons and melee attacks
   (+3).
   It lets you see invisible.
   It has a curse placed upon it.
Magical Staves
 g - an uncursed staff of death {unknown}
Jewellery
 i - a +4 ring of dexterity {unknown}
 k - an uncursed amulet of rage
 l - a +3 ring of evasion
 m - an uncursed ring of poison resistance
 n - an uncursed ring of fire
 q - the ring of the Genius (left hand) {rPois rC+ MR+ Slay+3}
   (You bought it in a shop on level 10 of the Dungeon)

   [ring of protection from magic]

   It affects your accuracy and damage with ranged weapons and melee attacks
   (+3).
   It protects you from cold.
   It protects you from poison.
   It affects your resistance to hostile enchantments.
 x - a +4 ring of strength
 A - a +6 ring of intelligence
 D - a cursed ring of attention {unknown}
 E - the necklace of Bloodlust (around neck) {*Rage +Rage MR++ Int-3 Slay+6 *Curse}
   (You bought it in a shop on level 10 of the Dungeon)

   [amulet of rage]

   It affects your intelligence (-3).
   It affects your accuracy and damage with ranged weapons and melee attacks
   (+6).
   It affects your resistance to hostile enchantments.
   It lets you go berserk.
   It may make you go berserk in combat.
   It curses itself when equipped.
 F - the ring of the Queen (right hand) {+Fly rF+ Str-3 Slay+3}
   (You bought it in a shop on level 10 of the Dungeon)

   [ring of slaying]

   It affects your strength (-3).
   It affects your accuracy and damage with ranged weapons and melee attacks
   (+3).
   It protects you from fire.
   It lets you fly.
 Q - an uncursed ring of protection from magic {unknown}
Wands
 t - a wand of flame (55)
 G - a wand of polymorph (17)
 N - a wand of paralysis (3)
 P - a wand of enslavement (13)
 S - a wand of iceblast (7)
Scrolls
 d - 6 scrolls of remove curse
 e - 2 scrolls of silence
 r - 5 scrolls of teleportation
 s - 4 scrolls of magic mapping
 y - 3 scrolls of amnesia
 z - 2 scrolls of fog
 U - a scroll of holy word
 W - 2 scrolls of identify
Potions
 h - 5 potions of brilliance
 o - 2 potions of curing
 I - a potion of flight
 J - 2 potions of mutation
 R - 4 potions of berserk rage
Books
 w - a manual of Ice Magic
Miscellaneous
 f - a lamp of fire
 C - a box of beasts
 H - a phial of floods (inert)
 X - a fan of gales


   Skills:
 * Level 12.8 Fighting
 * Level 16.9 Axes
 - Level 2.4 Armour
 - Level 2.6 Shields
 - Level 7.2 Evocations


You had 13 spell levels left.
You didn't know any spells.
Your spell library contained the following spells:

 Spells                   Type           Power        Failure   Level  Hunger
 Apportation              Tloc           #.....       100%        1    N/A
 Confusing Touch          Hex            #.....       100%        1    N/A
 Flame Tongue             Conj/Fire      #....        100%        1    N/A
 Summon Butterflies       Summ           #.......     100%        1    N/A
 Summon Small Mammal      Summ           #...         100%        1    N/A
 Call Imp                 Summ           #.......     100%        2    N/A
 Throw Flame              Conj/Fire      #.....       100%        2    N/A
 Call Canine Familiar     Summ           #.......     100%        3    N/A
 Confuse                  Hex            #.......     100%        3    N/A
 Conjure Flame            Conj/Fire      #.......     100%        3    N/A
 Gell's Gravitas          Tloc           #.........   100%        3    N/A
 Inner Flame              Hex/Fire       #.......     100%        3    N/A
 Lesser Beckoning         Tloc           #.........   100%        3    N/A
 Summon Guardian Golem    Hex/Summ       #.......     100%        3    N/A
 Tukima's Dance           Hex            #.......     100%        3    N/A
 Petrify                  Tmut/Erth      #.......     100%        4    N/A
 Sticky Flame             Conj/Fire      #.......     100%        4    N/A
 Summon Ice Beast         Ice/Summ       #.......     100%        4    N/A
 Summon Lightning Spire   Summ/Air       #.......     100%        4    N/A
 Alistair's Intoxication  Tmut/Pois      #.......     100%        5    N/A
 Fireball                 Conj/Fire      #.........   100%        5    N/A
 Metabolic Englaciation   Hex/Ice        #.........   100%        5    N/A
 Yara's Violent Unravell  Hex/Tmut       #.........   100%        5    N/A
 Invisibility             Hex            #.......     100%        6    N/A

Dungeon Overview and Level Annotations

Branches:
Dungeon (12/15)            Temple (0/1) D:4            Lair (3/6) D:8
 Spider (0/4) Lair:2          Orc (2/2) D:12            Elf (0/3) Orc:2
  Sewer (visited)          Bailey (visited)           IceCv (visited)
Gauntlet (1/1)
  Swamp: Lair:2-4    Shoals: Lair:2-4

Altars:
Cheibriados
Dithmenos
Elyvilon
Fedhas
Gozag
Kikubaaqudgha
Makhleb
Nemelex Xobeh
Qazlal
Sif Muna
Trog
Uskayaw
Zin

Shops:
D:6 =*   D:10 =   Orc:2 }([:[}

Annotations:
D:10 2 transporters Gauntlet 21 runed translucent doors, 9 transporters


Innate Abilities, Weirdness & Mutations

You do not eat.
Your natural rate of healing is unusually fast.
You have razor-sharp teeth.
You have supernaturally acute eyesight. (SInv)
You can survive without breathing.


Message History

The torrent of water hits the molten gargoyle!
The molten gargoyle is almost destroyed.
The wave splashes down.
Splash!
You fall into the shallow water.
Moving in this stuff is going to be slow.
The water rises up and takes form.
The molten gargoyle blasts magma at you!
The bolt of magma hits you!! You partially resist.
* * * LOW HITPOINT WARNING * * *
The bolt of magma hits your water elemental!
Your water elemental is burned terribly!
Unknown command.
Unknown command.
Okay, then.
Your water elemental is engulfed in a cloud of scalding steam.
Your water elemental barely misses the molten gargoyle.
The molten gargoyle hits you with a +0 mace!
You die...
Your body crumbles into a pile of gold.

#...#..###########...#####
.#...#..#.....#...#..§#....
...8.#..#..##..#..#...#..##
##...#..#!.#..##..#####.##.
...8.#..#!.##..#..#...#.#..
##...#..#©.#.©##..#©.©#©...
#≈8§#..#".##..#..#...#.#..
#####..#=.#.$##..#####.##.
###..#.@##≈≈#..#...#..##
#8#..#.E99≈#§..#.8.#....
###..###########...#####
#.....................
#≈....................
###################### #8#
#8# #8# #8# #8# ### ### ###
### ###


You could see a molten gargoyle, a gargoyle and a friendly water elemental.

Vanquished Creatures
  An orc warlord (Orc:1)
  An ettin (D:12)
  Harold (D:12)
  3 hydras
  2 catoblepae
  3 two-headed ogres
  3 death yaks (Lair:2)
  6 orc high priests (Orc:2)
  Nergalle (Lair:2)
  13 orc knights
  3 ugly things
  An obsidian statue (Gauntlet)
  3 cyclopes
  An orc sorcerer (Orc:2)
  An oklob plant (Orc:1)
  A manticore (D:12)
  An elephant (Lair:1)
  6 spiny frogs
  3 ice statues (IceCv)
  2 black mambas
  2 gargoyles
  2 centaur skeletons
  2 komodo dragons (Lair:1)
  2 rime drakes
  A polar bear (Lair:1)
  A troll (Orc:2)
  A hornet (D:8)
  Grinder (D:4)
  6 blink frogs
  6 hippogriffs
  2 wraiths (D:12)
  3 redbacks (Lair:2)
  2 wyverns (D:8)
  4 basilisks
  2 steam dragons
  6 yaks
  3 hungry ghosts (D:12)
  Menkaure (D:4)
  7 wargs
  9 water moccasins
  3 two-headed ogre zombies (D:12)
  2 porcupines (Lair:3)
  44 orc warriors
  6 sky beasts
  2 phantoms
  7 ice beasts
  2 eyes of draining
  6 wolves (Lair:1)
  11 ogres
  4 centaurs
  5 crocodiles
  4 big kobolds
  Blork the orc (D:4)
  18 bullfrogs
  6 earth elementals (D:12)
  A wyvern skeleton (D:7)
  2 troll zombies (D:12)
  4 electric eels (D:11)
  6 howler monkeys
  A lava snake (D:10)
  8 crimson imps
  A quasit (D:10)
  7 hounds
  27 orc priests
  3 jellies
  10 orc wizards
  3 bullfrog skeletons
  Ijyb (D:4)
  Jessica (D:2)
  9 worker ants
  2 killer bee zombies
  3 ogre zombies (D:12)
  A hound zombie (D:6)
  2 hound skeletons (D:4)
  Robin (D:4)
  A howler monkey skeleton (D:4)
  16 adders
  9 gnolls
  A river rat (D:3)
  6 shadow imps
  An ooze (D:2)
  3 worms
  3 dart slugs (D:2)
  4 leopard geckos
  82 orcs
  3 giant cockroaches
  21 goblins
  10 hobgoblins
  11 jackals
  6 quokkas
  6 ball pythons
  8 bats
  6 frilled lizards
  A goblin skeleton (D:12)
  3 goblin zombies (D:12)
  A hobgoblin skeleton (D:12)
  3 hobgoblin zombies (D:12)
  2 jackal skeletons
  A jackal zombie (D:5)
  34 kobolds
  3 leopard gecko zombies
  4 orc skeletons (D:12)
  13 orc zombies (D:12)
  A quokka zombie (D:8)
  5 rats
  2 butterflies (Lair:1)
  A fungus (Lair:1)
  4 plants
608 creatures vanquished.

Vanquished Creatures (collateral kills)
  A basilisk (D:12)
1 creature vanquished.

Vanquished Creatures (others)
  A wizard (D:8)
  A cyclops (D:12)
  A fungus (Lair:3)
3 creatures vanquished.

Grand Total: 612 creatures vanquished

Notes
Turn   | Place    | Note
-------+----------+-------------------------------------------
     0 | D:1      | Fernandocris the Vampire Fighter began the quest for the
                  | Orb.
     0 | D:1      | Reached XP level 1. HP: 17/17 MP: 1/1
    45 | D:1      | Reached skill level 2 in Axes
   105 | D:1      | Reached XP level 2. HP: 23/23 MP: 2/2
   690 | D:2      | Reached XP level 3. HP: 24/29 MP: 3/3
   830 | D:2      | Reached skill level 3 in Axes
   876 | D:2      | Noticed a phantom
   908 | D:2      | Killed a phantom
   908 | D:2      | Reached XP level 4. HP: 23/36 MP: 4/4
   963 | D:2      | Noticed Jessica
   971 | D:2      | Reached skill level 4 in Axes
   990 | D:2      | Killed Jessica
   990 | D:2      | Reached XP level 5. HP: 40/42 MP: 5/5
  1629 | D:3      | Reached skill level 1 in Evocations
  1651 | D:3      | Found a glowing drain.
  1655 | Sewer    | Entered a sewer
  1677 | Sewer    | Reached XP level 6. HP: 39/48 MP: 6/6
  1913 | Sewer    | Reached skill level 5 in Axes
  2545 | D:3      | Found an opulent altar of Gozag.
  2566 | D:3      | Became a worshipper of Gozag Ym Sagoz the Greedy
  2827 | D:3      | Reached XP level 7. HP: 44/49 MP: 8/8
  2874 | D:4      | Found a sparkling altar of Nemelex Xobeh.
  2874 | D:4      | Noticed a steam dragon
  2888 | D:3      | Killed a steam dragon
  3010 | D:3      | Reached skill level 6 in Axes
  3066 | D:4      | Noticed Robin
  3081 | D:4      | Killed Robin
  3313 | D:4      | Noticed Blork the orc
  3316 | D:4      | Noticed Grinder
  3319 | D:4      | Noticed Ijyb
  3322 | D:4      | Killed Blork the orc
  3322 | D:4      | Reached skill level 5 in Fighting
  3325 | D:4      | Reached XP level 8. HP: 46/62 MP: 10/10
  3328 | D:4      | Paralysed by Grinder for 2 turns
  3335 | D:4      | Killed Ijyb
  3338 | D:4      | Killed Grinder
  3338 | D:4      | Reached skill level 7 in Axes
  3406 | D:4      | Found a staircase to the Ecumenical Temple.
  3658 | D:5      | Entered Level 5 of the Dungeon
  3797 | D:5      | Noticed Menkaure
  3973 | D:4      | Killed Menkaure
  4346 | D:6      | Found Paifa's Jewellery Shoppe.
  4452 | D:6      | Found Zoroil's Assorted Antiques.
  4532 | D:6      | Found a snail-covered altar of Cheibriados.
  4582 | D:6      | Reached skill level 8 in Axes
  4807 | D:6      | Found an ancient bone altar of Kikubaaqudgha.
  4876 | D:6      | Reached XP level 9. HP: 53/69 MP: 12/12
  5147 | D:6      | Found a shimmering blue altar of Sif Muna.
  5257 | D:6      | Found a bloodstained altar of Trog.
  5866 | D:7      | Reached skill level 5 in Evocations
  6197 | D:7      | Found a burning altar of Makhleb.
  6199 | D:7      | Found a white marble altar of Elyvilon.
  6202 | D:7      | Found a hide-covered altar of Uskayaw.
  6203 | D:7      | Found a glowing silver altar of Zin.
  6203 | D:7      | Found a shadowy altar of Dithmenos.
  6207 | D:7      | Found a blossoming altar of Fedhas.
  6516 | D:8      | Reached skill level 9 in Axes
  6577 | D:8      | Found a stormy altar of Qazlal.
  6590 | D:8      | Paralysed by a hornet for 3 turns
  6634 | D:8      | Found a flagged portal.
  6641 | Bailey   | Entered a bailey
  6735 | Bailey   | Noticed an orc knight
  6742 | Bailey   | Noticed an orc knight
  6837 | Bailey   | Killed an orc knight
  7083 | Bailey   | Reached XP level 10. HP: 32/79 MP: 14/14
  7291 | Bailey   | Killed an orc knight
  7291 | Bailey   | Reached skill level 10 in Axes
  7939 | D:8      | Found a shadowy altar of Dithmenos.
  8229 | D:8      | Found a staircase to the Lair.
  8554 | D:8      | Found a bloodstained altar of Trog.
  8557 | D:8      | Noticed a wizard
  8563 | D:8      | Killed a wizard
  8893 | D:9      | Noticed a two-headed ogre
  8911 | D:9      | Killed a two-headed ogre
  8911 | D:9      | Reached skill level 11 in Axes
  9164 | D:9      | Identified a scroll of acquirement
  9165 | D:9      | Found the +8 Wrath of Trog {antimagic, *Rage}
  9376 | D:9      | Reached XP level 11. HP: 75/87 MP: 16/16
  9588 | D:10     | Entered Level 10 of the Dungeon
  9613 | D:10     | Found a transporter.
  9616 | D:10     | Noticed a five-headed hydra
  9616 | D:10     | Noticed a flayed ghost
  9617 | D:10     | Noticed an ice dragon
  9617 | D:10     | a five-headed hydra changed into an ice dragon
  9618 | D:10     | Noticed a tengu warrior
  9625 | D:10     | Noticed an ettin
  9625 | D:10     | an ice dragon changed into an ettin
  9716 | D:10     | Found a transporter.
  9721 | D:10     | Noticed a lindwurm
  9728 | D:10     | Noticed a two-headed ogre
  9728 | D:10     | a lindwurm changed into a two-headed ogre
  9730 | D:10     | a two-headed ogre changed into a manticore
  9731 | D:10     | Noticed a lindwurm
  9731 | D:10     | a manticore changed into a lindwurm
  9738 | D:10     | a lindwurm changed into a dream sheep
  9739 | D:10     | Noticed a two-headed ogre
  9739 | D:10     | a dream sheep changed into a two-headed ogre
  9745 | D:10     | a two-headed ogre changed into a swamp worm
  9805 | D:10     | Noticed a two-headed ogre
  9819 | D:10     | Killed a two-headed ogre
  9936 | D:10     | Noticed a lindwurm
  9936 | D:10     | a swamp worm changed into a lindwurm
 10019 | D:10     | Noticed a sea snake
 10019 | D:10     | a manticore changed into a sea snake
 10028 | D:10     | Noticed a death drake
 10028 | D:10     | a snapping turtle changed into a death drake
 10032 | D:10     | a death drake changed into a merfolk
 10114 | D:10     | Noticed a glowing orange brain
 10122 | D:10     | a glowing orange brain changed into a torpor snail
 10281 | D:10     | Bought the cursed necklace of Bloodlust {*Rage +Rage MR++
                  | Int-3 Slay+6 *Curse} for 899 gold pieces
 10281 | D:10     | Found the cursed necklace of Bloodlust {*Rage +Rage MR++
                  | Int-3 Slay+6 *Curse}
 10281 | D:10     | Bought the ring of the Queen {+Fly rF+ Str-3 Slay+3} for
                  | 712 gold pieces
 10313 | D:10     | Noticed a swamp dragon
 10313 | D:10     | a salamander changed into a swamp dragon
 10316 | D:10     | a swamp dragon changed into a guardian serpent
 10320 | D:10     | Noticed an unseen horror
 10320 | D:10     | a spiny frog changed into an unseen horror
 11421 | D:11     | Noticed a red ugly thing
 11431 | D:11     | Killed a red ugly thing
 11431 | D:11     | Reached skill level 12 in Axes
 12391 | D:12     | Found a staircase to the Orcish Mines.
 12830 | D:12     | Noticed a two-headed ogre
 12838 | D:12     | Killed a two-headed ogre
 12838 | D:12     | Reached skill level 13 in Axes
 13406 | D:12     | Noticed a catoblepas
 13451 | D:12     | Killed a catoblepas
 13451 | D:12     | Reached skill level 10 in Fighting
 13451 | D:12     | Reached XP level 12. HP: 51/97 MP: 17/17
 13812 | Orc:1    | Entered Level 1 of the Orcish Mines
 13842 | Orc:1    | Noticed Harold
 13850 | Orc:1    | Noticed an ettin
 14189 | D:10     | Noticed a titan
 14191 | D:10     | Noticed a juggernaut
 14191 | D:10     | a titan changed into a juggernaut
 14198 | D:10     | Noticed an acid blob
 14198 | D:10     | a juggernaut changed into an acid blob
 14206 | D:10     | Bought the ring of the Genius {rPois rC+ MR+ Slay+3} for
                  | 725 gold pieces
 14219 | D:10     | Noticed an acid blob
 14221 | D:10     | Noticed an iron dragon
 14221 | D:10     | an acid blob changed into an iron dragon
 14228 | D:10     | Noticed an iron giant
 14228 | D:10     | an iron dragon changed into an iron giant
 14229 | D:10     | Noticed a golden dragon
 14229 | D:10     | an iron giant changed into a golden dragon
 14288 | D:12     | Killed an ettin
 14386 | D:12     | Killed Harold
 14811 | Orc:1    | Reached skill level 14 in Axes
 14899 | Orc:1    | Noticed an orc warlord
 14917 | Orc:1    | Killed an orc warlord
 15244 | Orc:2    | Entered Level 2 of the Orcish Mines
 15319 | Orc:2    | Found a staircase to the Elven Halls.
 15493 | Orc:2    | Found Boan's Gadget Emporium.
 15518 | Orc:2    | Noticed an orc high priest
 15530 | Orc:2    | Killed an orc high priest
 15796 | Orc:2    | Noticed an orc high priest
 15801 | Orc:2    | Killed an orc high priest
 16214 | Orc:2    | Reached skill level 15 in Axes
 16214 | Orc:2    | Reached XP level 13. HP: 42/106 MP: 18/18
 17368 | Orc:2    | Found Rops's Book Shoppe.
 17371 | Orc:2    | Found Rucef's Gadget Shoppe.
 17372 | Orc:2    | Found Eptewkio's Antique Armour Shoppe.
 17373 | Orc:2    | Found Josozaq's Weapon Emporium.
 18066 | Lair:1   | Entered Level 1 of the Lair of Beasts
 18119 | Lair:1   | Found a frozen archway.
 18129 | IceCv    | Entered an ice cave
 19084 | Lair:1   | Reached skill level 16 in Axes
 21015 | Lair:2   | Noticed Nergalle
 21027 | Lair:2   | Killed Nergalle
 21027 | Lair:2   | Reached XP level 14. HP: 74/116 MP: 6/19
 21640 | Lair:2   | Found a hole to the Spider Nest.
 22622 | Lair:3   | Found a gate leading to a gauntlet.
 22627 | Gauntlet | Entered a Gauntlet
 22627 | Gauntlet | Found a large runed translucent door.
 22627 | Gauntlet | Found a large runed translucent door.
 22627 | Gauntlet | Found a large runed translucent door.
 22627 | Gauntlet | Found a large runed translucent door.
 22627 | Gauntlet | Found a large runed translucent door.
 22627 | Gauntlet | Found a large runed translucent door.
 22627 | Gauntlet | Found a large runed translucent door.
 22627 | Gauntlet | Found a large runed translucent door.
 22627 | Gauntlet | Found a runed translucent door.
 22627 | Gauntlet | Found a runed translucent gate.
 22627 | Gauntlet | Found a transporter.
 22627 | Gauntlet | Found a transporter.
 22627 | Gauntlet | Found a runed translucent gate.
 22627 | Gauntlet | Found a transporter.
 22764 | Gauntlet | Found a runed translucent door.
 22765 | Gauntlet | Found a large runed translucent door.
 22765 | Gauntlet | Found a large runed translucent door.
 22765 | Gauntlet | Found a large runed translucent door.
 22765 | Gauntlet | Found a large runed translucent door.
 22766 | Gauntlet | Found a large runed translucent door.
 22766 | Gauntlet | Found a large runed translucent door.
 22767 | Gauntlet | Found a large runed translucent door.
 22767 | Gauntlet | Found a large runed translucent door.
 22771 | Gauntlet | Found a transporter.
 22781 | Gauntlet | Found a transporter.
 22796 | Gauntlet | Found a transporter.
 22808 | Gauntlet | Found a transporter.
 22821 | Gauntlet | Found a transporter.
 22827 | Gauntlet | Found a transporter.
 22841 | Gauntlet | Found a transporter.
 22846 | Gauntlet | Found a transporter.
 22852 | Gauntlet | Found a runed translucent gate.
 22881 | Gauntlet | Found a transporter.
 23105 | Gauntlet | Got a smoking chain mail
 23136 | Gauntlet | Slain by a molten gargoyle

Levels and vault maps discovered:
D:1:      psy_arrival_dodecagon, layout_basic, minmay_tall_x
D:2:      layout_basic, kennysheep_crisscross, kennysheep_jessica_study
D:3:      layout_loops_ring, overflow_temple_1_default, gup_sewer_entry_bowl,
          minivault_26
D:4:      layout_rooms, lemuel_crystal_altar, minmay_temple_entry_waves,
          first_ration, uniq_blork_the_orc, uniq_grinder, uniq_robin, uniq_ijyb
D:5:      layout_cave_pools, uniq_menkaure
D:6:      layout_layer_cave, kiku_gazebo_pond_becter,
          amethyst_overflow_temple_binary, lemuel_crystal_altar, serial_shops,
          shop, shop, nicolae_lava_and_water
D:7:      layout_gridville, minitemple
D:8:      layout_rooms, grunt_qazlal_clouds, erik_lair_dragon, basic_altar,
          lightli_bailey_entry_fortress, trog_wizard
D:9:      layout_roguey, blue_anna_alchemist [blue_anna_fruit_fields,
          blue_anna_fruit_fields]
D:10:     gammafunk_sealed_arena, layout_rooms, kennysheep_generic_room_4
D:11:     layout_basic
D:12:     layout_basic, zombieorc2_lemuel, hangedman_cracks_in_the_wall
Lair:1:   beast_lair_carwin_large_3, layout_big_grid,
          portal_ice_cave_entry_pillars_1, minmay_shattered_shrine,
          lemuel_fruit_fields
Lair:2:   layout_small_grid, spider_nest_entry_webs, minivault_24,
          grunt_megastairs_1, uniq_nergalle
Lair:3:   layout_layer_cave, gauntlet_entry_generic, infiniplex_staircase_pool_2
Orc:1:    layout_diamond_mine, mines3_lemuel, uniq_harold
Orc:2:    st_orc_pillars, layout_diamond_mine, serial_shops, shop
Gauntlet: gammafunk_gauntlet_shortcut [gammafunk_gauntlet_arena_split_diamond,
          gammafunk_gauntlet_arena_teeth,
          minmay_gauntlet_arena_make_your_own_arena,
          nicolae_gauntlet_arena_t_cross, nicolae_gauntlet_arena_blocks,
          gammafunk_gauntlet_arena_grid, nicolae_gauntlet_exit_dead_adventurers]

Skill      XL: |  1  2  3  4  5  6  7  8  9 10 11 12 13 |
---------------+----------------------------------------+-----
Axes           | 2 3 4 5 6 8 9 11 13 15 16 | 16.9
Fighting       | 3 4 5 6 7 8 10 11 12 | 12.8
Evocations     | 1 2 3 4 6 7 |  7.2
Armour         | |  2.4
Shields        | |  2.6

Action                   |  1- 3 |  4- 6 |  7- 9 | 10-12 | 13-15 || total
-------------------------+-------+-------+-------+-------+-------++-------
Melee: War axe           |    73 |   274 |   364 |   631 |    99 ||  1441
       Bite              |     7 |    21 |    43 |    69 |    39 ||   179
       Unarmed           |       |    27 |       |       |       ||    27
       Battleaxe         |       |       |       |       |   211 ||   211
Invok: Potion Petition   |       |       |     1 |       |     1 ||     2
       Call Merchant     |       |       |       |     1 |     1 ||     2
 Abil: Exsanguinate      |       |     1 |       |     1 |     1 ||     3
       Revivify          |       |     1 |       |     1 |     1 ||     3
       Bat Form          |       |     1 |       |     1 |       ||     2
       Evoke Berserk Rag |       |       |     2 |    12 |     3 ||    17
Evoke: Wand              |       |       |     1 |    19 |     6 ||    26
       Phial of floods   |       |       |       |     1 |     1 ||     2
  Use: Potion            |     1 |       |    15 |     4 |    11 ||    31
       Scroll            |       |    12 |     5 |    18 |    13 ||    48
 Stab: Distracted        |       |       |     1 |     4 |     3 ||     8
       Petrified         |       |       |       |     2 |       ||     2
       Paralysed         |       |       |       |       |     4 ||     4
       Invisible         |       |       |       |       |     2 ||     2
Armor: Scale mail        |    38 |   132 |    76 |       |       ||   246
       Skin              |       |       |     1 |       |       ||     1
       Plate armour      |       |       |    98 |   250 |   128 ||   476
Dodge: Dodged            |    25 |   145 |   115 |    97 |    46 ||   428
Block: Shield            |    42 |   125 |   207 |   223 |    23 ||   620
